 Dungeon Crawl Stone Soup version 0.27-a0-1137-g3ef0f4ec91 (webtiles) character file.

Game seed: 12392709296336404025

84 spinks the Cutter (level 4, -5/60 HPs)
             Began as a Draconian Berserker on May 6, 2021.
             Was a Believer of Trog.
             Slain by an orc
             ... wielding a +1 hand axe of electrocution
              (20 damage)
             ... on level 3 of the Dungeon on May 19, 2021.
             The game lasted 00:06:32 (2146 turns).

spinks the Cutter (Draconian Berserker)             Turns: 2146, Time: 00:06:34

Health: -5/60      AC:  5    Str: 20    XL:     4   Next: 24%
Magic:  4/4        EV: 12    Int:  7    God:    Trog [**....]
Gold:   118        SH:  0    Dex: 11    Spells: 3/3 levels left

rFire    . . .     SeeInvis .   a - +0 short sword
rCold    . . .     Faith    .   (no shield)
rNeg     . . .     Spirit   .   (armour unavailable)
rPois    .         Reflect  .   (helmet restricted)
rElec    .         Harm     .   (no cloak)
rCorr    .         Rampage  .   (no gloves)
Will     .....                  (no boots)
Stlth    ..........             (no amulet)
HPRegen  0.20/turn              (no ring)
MPRegen  0.09/turn              (no ring)

@: berserking, very quick
A: AC +5, unfitting armour, cold-blooded
a: Renounce Religion, Berserk, Trog's Hand


You were on level 3 of the Dungeon.
You worshipped Trog.
Trog was pleased with you.
You visited 1 branch of the dungeon, and saw 3 of its levels.

You collected 118 gold pieces.

Inventory:

Hand Weapons
 a - a +0 short sword (weapon)
Jewellery
 f - a ring of protection from fire
 j - a +4 ring of protection
Scrolls
 c - 2 scrolls of identify {unknown}
 g - a scroll of vulnerability {unknown}
 h - 2 scrolls of teleportation {unknown}
 k - a scroll of enchant weapon {unknown}
 l - a scroll of fear {unknown}
Potions
 b - a potion of haste {unknown}
 d - 2 potions of lignification {unknown}
 e - a potion of heal wounds {unknown}
 i - a potion of magic {unknown}


   Skills:
 + Level 3.9 Fighting
 + Level 4.1 Short Blades
 + Level 3.3 Dodging
 + Level 0.4 Stealth


You had 3 spell levels left.
You didn't know any spells.
Your spell library was empty.

Dungeon Overview and Level Annotations

Branches:
Dungeon (3/15)

Altars:


Innate Abilities, Weirdness & Mutations

Your plain brown scales are hard. (AC +5)
You cannot fit into any form of body armour.
You are cold-blooded and may be slowed by cold attacks.


Message History

The jackal bites you. x2
You closely miss the jackal.
The jackal is severely wounded.
The jackal closely misses you.
You hit the jackal.
The jackal is almost dead.
The jackal closely misses you.
You hit the jackal.
You kill the jackal!
Trog accepts your kill.
You hit the frilled lizard but do no damage.
Your tail-slap misses the frilled lizard.
The frilled lizard closely misses you.
You hit the frilled lizard.
You kill the frilled lizard!
Trog accepts your kill.
The goblin shoots a stone.
The stone barely misses you. The orc hits you with a +0 hand axe.
The goblin unwields a +0 hunting sling.
The goblin wields a +0 dagger.
The goblin completely misses you.
Things that are here:
a frilled lizard corpse; a jackal corpse You barely miss the orc.
The goblin unwields a +0 dagger.
The goblin wields a +0 hunting sling.
The goblin shoots a stone.
The stone hits you.
You hit the orc but do no damage. The orc hits you with a +0 hand axe!
The orc hits you but does no damage.
You are electrocuted!
* * * LOW HITPOINT WARNING * * *
You hit the orc.
The orc is moderately wounded.
The orc hits you but does no damage. The orc barely misses you.
You closely miss the orc.
Your tail-slap misses the orc.
The orc is moderately wounded.
The orc closely misses you. The orc barely misses you.
A red film seems to cover your vision as you go berserk!
You feel yourself moving faster!
You feel mighty! The orc hits you but does no damage.
The orc hits you with a +1 hand axe of electrocution.
* * * LOW HITPOINT WARNING * * *
You are electrocuted!!
You die...

# .# . ###.# #.
#. #@o.#
#..#.##o###
#.>...go### .
.......oo.## ..
...........###o..
.............o...
.............###.
............##
.........<..#


You could see 5 orcs and a goblin.

Vanquished Creatures
  2 adders (D:2)
  A dart slug (D:1)
  2 endoplasms (D:1)
  2 giant cockroaches (D:2)
  4 goblins
  6 hobgoblins
  12 jackals
  7 kobolds
  3 quokkas (D:2)
  8 ball pythons
  3 bats
  3 frilled lizards
  6 rats
59 creatures vanquished.

Vanquished Creatures (others)
  A rat (D:3)
1 creature vanquished.

Grand Total: 60 creatures vanquished

Notes
Turn   | Place    | Note
-------+----------+-------------------------------------------
     0 | D:1      | spinks the Draconian Berserker began the quest for the Orb.
     0 | D:1      | Reached XP level 1. HP: 19/19 MP: 1/1
   195 | D:1      | Reached XP level 2. HP: 14/26 MP: 2/2
   811 | D:1      | Reached XP level 3. HP: 29/31 MP: 3/3
   961 | D:1      | Reached ** piety under Trog
  1366 | D:2      | Reached skill level 4 in Short Blades
  1472 | D:2      | Reached XP level 4. HP: 26/40 MP: 4/4
  1902 | D:2      | Found a faded altar of an unknown god.
  2146 | D:3      | Slain by an orc

Illustrated notes

Levels and vault maps discovered:
D:1:      lightli_molten_gateway, layout_loops_ring
D:2:      layout_loops_cross, basic_ecumenical_altar, grunt_ministairs_2
D:3:      layout_rooms, amcnicky_altar_gilded

Skill      XL: |  1  2  3 |
---------------+----------+-----
Dodging        | 3 |  3.3
Short Blades   | 4 |  4.1
Fighting       | |  3.9
Stealth        | |  0.4

Action                   |  1- 3 |  4- 6 || total
-------------------------+-------+-------++-------
Melee: Short sword       |   153 |    47 ||   200
       Tailslap          |    12 |     5 ||    17
Invok: Berserk           |       |     1 ||     1
 Stab: Sleeping          |       |     1 ||     1
Armor: Skin              |    48 |    16 ||    64
Dodge: Dodged            |    87 |    38 ||   125

Table legend: (Time is in decaauts)
 A = Elapsed time spent in this place.
 B = Non-inter-level travel time spent in this place.
 C = Inter-level travel time spent in this place.
 D = Time resting spent in this place.
 E = Time spent auto-exploring this place.
 F = Levels seen in this place.
 G = Mean time per level.
                   A        B        C        D        E       F      G
               +--------+--------+--------+--------+--------+-----+--------+
         Total |   2129 |   2059 |     70 |    244 |   1395 |   3 |  709.7 |
       Dungeon |   2129 |   2059 |     70 |    244 |   1395 |   3 |  709.7 |
               +--------+--------+--------+--------+--------+-----+--------+

Top non-repeatable levels by time:
     D:1: 1218 daAuts
     D:2: 888 daAuts
     D:3: 23 daAuts
